 Dungeon Crawl Stone Soup version 0.31.0-11-ge490571c62 (webtiles) character file.

Game seed: 14941274816865623811

52 SmokeWeed the Vexing (level 3, -3/24 HPs)
             Began as a Demonspawn Enchanter on Jan 29, 2024.
             Slain by a ribbon worm (5 damage)
             ... on level 2 of the Dungeon.
             The game lasted 00:03:07 (1159 turns).

SmokeWeed the Vexing (Demonspawn Enchanter)         Turns: 1159, Time: 00:03:08

Health: -3/24      AC:  8    Str:  8    XL:     3   Next: 60%
Magic:  6/6        EV:  4    Int: 15    God:
Gold:   77         SH:  0    Dex: 15    Spells: 6/6 levels left

rFire   . . .        a - +1 dagger
rCold   . . .        (no shield)
rNeg    . . .        g - +0 chain mail
rPois   .            (helmet restricted)
rElec   .            (no cloak)
rCorr   .            (no gloves)
SInv    .            (no boots)
Will    .....        (no amulet) Stlth
                     (no ring)
HPRegen 0.24/turn    (no ring)
MPRegen 0.10/turn

%: no passive effects
@: no status effects
A: antennae 1, demonic magic 1
a: no special abilities


You were on level 2 of the Dungeon.
You visited 1 branch of the dungeon, and saw 2 of its levels.

You collected 77 gold pieces.

Inventory:

Hand Weapons
 a - a +1 dagger (weapon)
 i - a +0 shortbow
Missiles
 e - 15 stones (quivered)
Armour
 b - a +0 robe
 g - a +0 chain mail (worn)
Talismans
 d - a beast talisman
 h - a flux talisman
Scrolls
 f - a scroll of blinking
Potions
 c - 2 potions of invisibility
 j - a potion of curing


   Skills:
 - Level 1.2 Short Blades
 + Level 1.3 Ranged Weapons
 - Level 0.1 Armour
 - Level 2.1 Dodging
 - Level 3.0 Stealth
 - Level 2.2 Spellcasting
 - Level 3.3 Hexes


You had 6 spell levels left.
You didn't know any spells.
Your spell library contained the following spells:

 Spells                   Type           Power      Damage    Failure   Level
 Ensorcelled Hibernation  Hex/Ice        12%        N/A       100%        2
 Confusing Touch          Hex            11%        N/A       100%        3
 Dazzling Flash           Conj/Hex       12%        N/A       100%        3
 Tukima's Dance           Hex            11%        N/A       100%        3


Dungeon Overview and Level Annotations

Branches:
Dungeon (2/15)

Altars:


Innate Abilities, Weirdness & Mutations

You have a pair of small antennae on your head.
Spells you cast may paralyse adjacent enemies.


Message History

Aim: a ribbon worm (lightly wounded, catching its breath, 77% to hit)
You shoot an arrow.
The arrow completely misses the ribbon worm.
The ribbon worm bites you.
a - a +1 dagger (weapon)
The ribbon worm bites you.
You hit the ribbon worm but do no damage.
The ribbon worm bites you but does no damage.
You barely miss the ribbon worm. You hit the ribbon worm.
The ribbon worm is lightly wounded.
The ribbon worm expels a string of sticky webbing.
The stream of webbing hits you but does no damage.
You are caught in a web!
You struggle to detach yourself from the web.
The ribbon worm bites you!
* * * LOW HITPOINT WARNING * * *
The web tears apart.
The ribbon worm expels a string of sticky webbing.
The stream of webbing hits you but does no damage.
You are caught in a web!
You struggle to detach yourself from the web.
The ribbon worm bites you but does no damage.
The web tears apart.
You hit the ribbon worm.
The ribbon worm is lightly wounded.
The ribbon worm bites you but does no damage.
You hit the ribbon worm.
The ribbon worm is lightly wounded.
The ribbon worm expels a string of sticky webbing.
The stream of webbing hits you but does no damage.
You are caught in a web!
The web tears apart.
The ribbon worm bites you.
* * * LOW HITPOINT WARNING * * *
You hit the ribbon worm but do no damage.
The ribbon worm is lightly wounded.
You hit the ribbon worm.
The ribbon worm is lightly wounded.
The ribbon worm bites you.
You die...

..P##
###[#+####
.P## #.....#
### ###.###
#.# ###.####
######......#
............#
............#
.!.....@....#
###..[.w....#
#.........#
#.........#
#.........#
<.....$....#
............#
............#


You could see a ribbon worm (catching breath).

Vanquished Creatures
  An adder (D:2)
  A dart slug (D:2)
  3 endoplasms
  2 giant cockroaches (D:2)
  3 goblins (D:1)
  4 hobgoblins
  5 jackals (D:2)
  7 ball pythons
  A bat (D:1)
  4 frilled lizards
  3 kobolds (D:1)
  4 rats
38 creatures vanquished.

Notes
Turn   | Place    | Note
-------+----------+-------------------------------------------
     0 | D:1      | SmokeWeed the Demonspawn Enchanter began the quest for the
                  | Orb.
     0 | D:1      | Reached XP level 1. HP: 13/13 MP: 3/3
   189 | D:1      | Reached skill level 1 in Short Blades
   219 | D:1      | Gained mutation: You have a pair of small antennae on your
                  | head. [demonic ancestry]
   219 | D:1      | Reached XP level 2. HP: 10/19 MP: 5/5
   736 | D:2      | Gained mutation: Spells you cast may paralyse adjacent
                  | enemies. [demonic ancestry]
   736 | D:2      | Reached XP level 3. HP: 16/24 MP: 6/6
  1030 | D:2      | Reached skill level 1 in Ranged Weapons
  1157 | D:2      | HP: 1/24 [ribbon worm (6)]
  1159 | D:2      | Slain by a ribbon worm

Illustrated notes

Levels and vault maps discovered:
D:1:      minmay_arrival_open_corners, layout_rooms, minmay_misc_feat_diagonals
D:2:      minmay_chambers_of_twos, layout_basic, uniq_crazy_yiuf_cottage,
          uniq_robin

Skill      XL: |  1  2  3 |
---------------+----------+-----
Short Blades   | 1 |  1.2
Stealth        | 3 |  3.0
Dodging        | 2 |  2.1
Ranged Weapons | 1 |  1.3
Armour         | |  0.1
Spellcasting   | |  2.2
Hexes          | |  3.3

Action                     || total
---------------------------++-------
  Melee: Dagger            ||   112
   Fire: Shortbow          ||    47
    Use: Scroll            ||     2
         Potion            ||     1
   Stab: Sleeping          ||     2
 Armour: Robe              ||    31
         Chain mail        ||   109
  Dodge: Dodged            ||    71
   Form: Beast             ||     1
                           ||     1
